 Dungeon Crawl Stone Soup version 0.29.1-1-gd02db6906a (webtiles) character file.

Game seed: 6731811091148865143

7263 RascalDebosk the Destroyer (level 10, -7/69 HPs)
             Began as a Yellow Draconian Conjurer on Oct 9, 2022.
             Was a Believer of Vehumet.
             Shot with an arrow by a centaur warrior (11 damage)
             ... on level 9 of the Dungeon.
             The game lasted 01:10:18 (9528 turns).

RascalDebosk the Destroyer (DrCj)                   Turns: 9528, Time: 01:10:19

Health: -7/69      AC: 13    Str: 10    XL:     10   Next: 89%
Magic:  10/21      EV: 12    Int: 28    God:    Vehumet [**....]
Gold:   368        SH:  0    Dex: 10    Spells: 4/24 levels left

rFire   + . .      SeeInvis .   n - +2 dagger (venom)
rCold   . . .      Faith    .   (no shield)
rNeg    . . .      Spirit   .   (body armour unavailable)
rPois   .          Reflect  .   (helmet restricted)
rElec   .          Harm     .   m - +2 cloak
rCorr   +          Rampage  .   v - +2 pair of gloves
Will    .....                   (no boots)
Stlth   ++........              e - amulet of magic regeneration
HPRegen 0.21/turn               b - ring of protection from fire
MPRegen 0.57/turn               p - +6 ring of intelligence

@: no status effects
A: spit acid, AC +7, unfitting armour, cold-blooded, acid resistance
a: Breathe Acid, Renounce Religion


You were on level 9 of the Dungeon.
You worshipped Vehumet.
Vehumet was pleased with you.
You visited 1 branch of the dungeon, and saw 9 of its levels.

You collected 668 gold pieces.
You spent 300 gold pieces at shops.

Inventory:

Hand Weapons
 l - a +2 dagger of speed
 n - a +2 dagger of venom (weapon)
Missiles
 y - a throwing net {@!f}
Armour
 m - a +2 cloak (worn)
 v - a +2 pair of gloves (worn)
Jewellery
 b - a ring of protection from fire (left hand)
 e - an amulet of magic regeneration (around neck)
 p - a +6 ring of intelligence (right hand)
 B - a +6 ring of intelligence
Wands
 f - a wand of flame (18)
 i - a wand of paralysis (3)
 A - a wand of mindburst (3)
Scrolls
 c - 2 scrolls of poison
 d - 2 scrolls of magic mapping
 g - a scroll of blinking
 t - 3 scrolls of teleportation
 E - a scroll of enchant armour
Potions
 a - a potion of ambrosia
 k - 4 potions of brilliance
 o - 3 potions of heal wounds
 q - a potion of haste
 r - a potion of attraction {unknown}
 u - 5 potions of might
 w - a potion of resistance {unknown}
 z - a potion of degeneration {unknown}
Miscellaneous
 C - a lightning rod (4/4)


   Skills:
 - Level 1.7 Dodging
 - Level 4.0 Stealth
 + Level 7.9 Spellcasting
 + Level 9.3 Conjurations
 + Level 7.5 Hexes
 - Level 8.0 Translocations


You had 4 spell levels left.
You knew the following spells:

 Your Spells              Type           Power      Damage    Failure   Level
a - Magic Dart            Conj           100%       1d8       1%          1
b - Searing Ray           Conj           100%       2d8       1%          2
c - Dazzling Flash        Conj/Hex       100%       N/A       1%          3
d - Iskenderun's Mystic   Conj/Tloc      56%        2d12      1%          4
e - Fulminant Prism       Conj/Hex       27%        3d14      1%          4
f - Shock                 Conj/Air       100%       1d9       1%          1
g - Iskenderun's Battles  Conj           58%        2d11      3%          5

Your spell library contained the following spells:

 Spells                   Type           Power      Damage    Failure   Level
 Scorch                   Fire           22%        2d6       8%          2
 Foxfire                  Conj/Fire      100%       2x1d9     1%          1
 Conjure Flame            Conj/Fire      37%        6-21      2%          3
 Inner Flame              Hex/Fire       32%        N/A       3%          3
 Beastly Appendage        Tmut           22%        N/A       4%          1
 Sting                    Tmut/Pois      44%        1d5       4%          1
 Poisonous Vapours        Pois/Air       22%        N/A       8%          2
 Wereblood                Tmut           11%        N/A       8%          2
 Flame Wave               Conj/Fire      37%        2d10      8%          4
 Frozen Ramparts          Ice            22%        1d4       16%         3
 Spider Form              Tmut/Pois      11%        N/A       16%         3
 Ice Form                 Ice/Tmut       11%        N/A       45%         4
 Olgreb's Toxic Radiance  Pois           11%        N/A       45%         4
 Summon Ice Beast         Ice/Summ       11%        N/A       45%         4
 Iron Shot                Conj/Erth      18%        9d4       75%         6
 Blade Hands              Tmut           5%         N/A       80%         5
 Animate Armour           Summ/Erth      Unusable   N/A       N/A         4

Dungeon Overview and Level Annotations

Branches:
Dungeon (9/15)             Temple (0/1) D:5
   Lair: D:8-11         Orc: D:9-12

Altars:
Dithmenos
Gozag
Kikubaaqudgha
Nemelex Xobeh
Sif Muna
Trog
Uskayaw
Vehumet
Xom

Shops:
D:6 (   D:7 :

Annotations:
D:4 3 runed translucent doors, nshep25's ghost, amateur MiFi
D:6 1 runed translucent door, PorkyPig's ghost, novice HOMo


Innate Abilities, Weirdness & Mutations

You can spit globs of acid.
Your golden yellow scales are hard. (AC +7)
You cannot fit into any form of body armour.
You are cold-blooded and may be slowed by cold attacks.
You are resistant to acid. (rCorr)


Message History

Aiming: Magic Dart (safe; 1% risk of failure)
Press: ? - help, Q - select action, (/) - cycle Shift-Dir - straight line, f/p - yak
Aim: a yak (heavily wounded, 100% to hit)
The magic dart hits the yak.
The yak is heavily wounded.
Aiming: Magic Dart (safe; 1% risk of failure)
Press: ? - help, Q - select action, (/) - cycle Shift-Dir - straight line, f/p - yak
Aim: a yak (heavily wounded, 100% to hit)
The magic dart hits the yak but does no damage.
The yak is heavily wounded.
Aiming: Magic Dart (safe; 1% risk of failure)
Press: ? - help, Q - select action, (/) - cycle Shift-Dir - straight line, f/p - yak
Aim: a yak (heavily wounded, 100% to hit)
The magic dart hits the yak.
The yak is heavily wounded.
* * * LOW MAGIC WARNING * * *
Casting: Magic Dart (safe; 1% risk of failure)
Confirm with . or Enter, or press ? or * to list all spells.
You erupt in a blast of force!
The mystic blast hits the yak!
The yak is almost dead.
* * * LOW MAGIC WARNING * * *
You hear a bellow!
You hear a shout!
The yak gores you but does no damage.
Casting: Iskenderun's Mystic Blast (dangerous; 1% risk of failure)
Confirm with . or Enter, or press ? or * to list all spells.
You erupt in a blast of force!
The mystic blast hits the yak!
You kill the yak!
Vehumet accepts your kill.
You feel your power returning.
* * * LOW MAGIC WARNING * * *
A wight comes into view. It is wielding a +7 trident.
A centaur warrior comes into view.
The wight hits you with a +7 trident.
You barely miss the wight. The wight hits you with a +7 trident.
Casting: Iskenderun's Mystic Blast (dangerous; 1% risk of failure)
Confirm with . or Enter, or press ? or * to list all spells.
You erupt in a blast of force!
The mystic blast hits the wight!
The wight is severely damaged.
The wight is knocked back by the mystic blast.
* * * LOW MAGIC WARNING * * *
You hear a bellow! x6; You hear a shout! x2
A yak comes into view.
Casting: Iskenderun's Mystic Blast (dangerous; 1% risk of failure)
Confirm with . or Enter, or press ? or * to list all spells.
Aiming: Searing Ray (safe; 1% risk of failure)
Press: ? - help, Shift-Dir - straight line, f - wight
Aim: a wight, wielding a +7 trident and wearing a +0 robe (severely damaged, 83% to hit)
The searing ray hits the wight!
You destroy the wight!
Vehumet accepts your kill.
You feel your power returning. (Press . to maintain the ray.)
* * * LOW MAGIC WARNING * * *
The centaur warrior wields a +0 shortbow.
The centaur warrior shoots an arrow.
The arrow hits you!
You hear a shout!
A kobold brigand comes into view.
It is wielding a +0 short sword and quivering poisoned darts.
You hear a bellow! x2
The centaur warrior shoots an arrow.
The arrow hits you!
* * * LOW HITPOINT WARNING * * *
A yak comes into view.
A seven-headed hydra comes into view.
The seven-headed hydra roars!
The kobold brigand hits you with a +0 short sword.
* * * LOW HITPOINT WARNING * * *
Casting: Searing Ray (safe; 1% risk of failure)
Confirm with . or Enter, or press ? or * to list all spells.
You miscast Iskenderun's Mystic Blast.
You are very lightly contaminated with residual magic.
Nothing appears to happen.
* * * LOW MAGIC WARNING * * *
The kobold brigand misses you.
Blink to where?
Press: ? - help, Dir - move target
As you read the scroll of blinking, it crumbles to dust.
Things that are here:
a +2 trident of pain; a +0 ring mail
Things that are here:
a +4 dagger; a +0 robe
There is an open door here.
Things that are here:
a +0 troll leather armour; a troll corpse The centaur warrior shoots an arrow.
The arrow hits you but does no damage.
Found a dagger.
The kobold brigand throws a poisoned dart.
The poisoned dart hits you.
You are poisoned.
You feel sick.
You feel sick.
Your magical contamination has completely faded away.
You feel sick.
The centaur warrior shoots an arrow.
The arrow hits you!
* * * LOW HITPOINT WARNING * * *
The centaur warrior shoots an arrow.
The arrow hits you.
* * * LOW HITPOINT WARNING * * *
You feel better.
The centaur warrior shoots an arrow.
The arrow hits you.
* * * LOW HITPOINT WARNING * * *
You hear an angry buzzing noise.
The centaur warrior shoots an arrow.
The arrow barely misses you.
The centaur warrior shoots an arrow.
The arrow hits you!
You die...

#.....# #.....+ #### #.....# #...
+.....# +... #.)...# #... .
#.....# #... . . #.....# ##'# #
#.# #@+# ##..# Y# ##'## #.(#
#..## .c. #...## #..## #.## #.#
##...D.###...# #.#
.).##...#...##.#.# ###'###
.#.#.#ยง..#
#...#.#+########....). ....c'..##
##).c.......##.'......
.#.#.#K..###.).#.......##.#......
...##...#c).##)......##.#......


You could see a centaur warrior.

Vanquished Creatures
  2 two-headed ogres
  Pikel (D:6)
  A kobold demonologist (D:9)
  2 trolls
  A hornet (D:8)
  A wyvern (D:9)
  8 yaks
  A steam dragon (D:8)
  Menkaure (D:6)
  3 water moccasins
  An acid dragon (D:7)
  Duvessa (D:5)
  A black bear (D:5)
  2 orc warriors
  2 ice beasts
  A sky beast (D:8)
  An ogre (D:5)
  3 centaurs
  A phantom (D:6)
  3 kobold brigands
  A necrophage (D:8)
  A scorpion (D:5)
  A gnoll sergeant (D:9)
  4 wights (D:9)
  Dowan (D:5)
  5 howler monkeys (D:9)
  4 jellies
  2 hounds (D:5)
  2 orc priests
  Ijyb (D:4)
  Jessica (D:2)
  Terence (D:2)
  3 iguanas
  8 orc wizards
  Robin (D:2)
  12 gnolls
  10 adders
  A white imp (D:5)
  2 worms
  2 dart slugs
  16 orcs
  9 bats
  10 endoplasms
  4 giant cockroaches
  11 goblins
  11 hobgoblins
  4 jackals (D:4)
  2 quokkas
  2 training dummies (D:5)
  8 ball pythons
  3 frilled lizards
  17 kobolds
  4 rats
201 creatures vanquished.

Vanquished Creatures (others)
  3 plants (D:5)
3 creatures vanquished.

Grand Total: 204 creatures vanquished

Notes
Turn   | Place    | Note
-------+----------+-------------------------------------------
     0 | D:1      | RascalDebosk the Draconian Conjurer began the quest for the
                  | Orb.
     0 | D:1      | Reached XP level 1. HP: 14/14 MP: 3/3
   160 | D:1      | Found a faded altar of an unknown god.
   375 | D:1      | Reached XP level 2. HP: 15/20 MP: 0/5
  1432 | D:1      | Reached skill level 1 in Translocations
  1432 | D:1      | Reached XP level 3. HP: 23/26 MP: 3/6
  1499 | D:2      | Noticed Terence
  1525 | D:1      | Learned a level 2 spell: Searing Ray
  1529 | D:1      | Learned a level 3 spell: Dazzling Flash
  1540 | D:2      | Killed Terence
  1541 | D:2      | Reached skill level 1 in Hexes
  1546 | D:2      | Reached XP level 4. HP: 5/33 MP: 1/7
  1643 | D:2      | Noticed Jessica
  1824 | D:2      | Killed Jessica
  1947 | D:2      | Noticed Robin
  1969 | D:2      | Killed Robin
  2022 | D:2      | Reached XP level 5. HP: 37/38 MP: 7/9
  2981 | D:3      | You fall into a shaft and drop 2 floors!
  2981 | D:5      | Entered Level 5 of the Dungeon
  3118 | D:5      | Reached XP level 6. HP: 44/45 MP: 6/10
  3123 | D:5      | Learned a level 4 spell: Iskenderun's Mystic Blast
  3397 | D:4      | Reached skill level 5 in Conjurations
  4420 | D:4      | Noticed Ijyb
  4438 | D:4      | Killed Ijyb
  4546 | D:4      | Your scales start taking on a golden yellow colour.
  4546 | D:4      | Reached XP level 7. HP: 45/50 MP: 2/12
  4546 | D:4      | Gained mutation: You are resistant to acid. (rCorr) [Yellow
                  | Draconian growth]
  4951 | D:4      | Found a runed translucent gate.
  4952 | D:4      | Found a runed translucent gate.
  4952 | D:4      | Noticed nshep25's ghost (amateur MiFi)
  4953 | D:4      | Found a runed translucent gate.
  5259 | D:5      | Found a staircase to the Ecumenical Temple.
  5379 | D:5      | Learned a level 4 spell: Fulminant Prism
  5393 | D:5      | Found a radiant altar of Vehumet.
  5397 | D:5      | Became a worshipper of Vehumet
  5711 | D:5      | Noticed Duvessa
  5711 | D:5      | Noticed Dowan
  5718 | D:5      | Killed Dowan
  5719 | D:5      | Reached XP level 8. HP: 57/57 MP: 3/14
  5726 | D:5      | Killed Duvessa
  5727 | D:5      | Reached skill level 6 in Conjurations
  5880 | D:6      | Noticed Menkaure
  5882 | D:6      | Killed Menkaure
  6066 | D:6      | Found a runed translucent door.
  6066 | D:6      | Noticed PorkyPig's ghost (novice HOMo)
  6088 | D:6      | Found Temihuo's Weapon Emporium.
  6157 | D:6      | Reached * piety under Vehumet
  6157 | D:6      | Offered knowledge of Shock by Vehumet.
  6160 | D:6      | Learned a level 1 spell: Shock
  6318 | D:6      | Reached skill level 5 in Spellcasting
  6330 | D:6      | Found a hide-covered altar of Uskayaw.
  6331 | D:6      | Noticed Pikel
  6338 | D:6      | Killed Pikel
  6339 | D:6      | Reached skill level 5 in Translocations
  6339 | D:6      | Reached XP level 9. HP: 43/62 MP: 9/17
  6343 | D:6      | Reached skill level 5 in Hexes
  6641 | D:6      | Reached skill level 7 in Conjurations
  6785 | D:6      | Found a sparkling altar of Nemelex Xobeh.
  6785 | D:6      | Found an opulent altar of Gozag.
  6880 | D:7      | Found a shimmering blue altar of Sif Muna.
  7233 | D:7      | Found Soigoj's Book Emporium.
  7240 | D:7      | Bought the Cyclopedia of Confrontation for 300 gold pieces
  7371 | D:7      | Noticed a troll
  7377 | D:7      | Killed a troll
  7771 | D:8      | Noticed a two-headed ogre
  7885 | D:8      | Reached ** piety under Vehumet
  7885 | D:8      | Offered knowledge of Scorch by Vehumet.
  7895 | D:8      | Killed a two-headed ogre
  7896 | D:8      | Reached skill level 8 in Conjurations
  7896 | D:8      | Reached XP level 10. HP: 58/69 MP: 8/20
  7902 | D:8      | Learned a level 5 spell: Iskenderun's Battlesphere
  8543 | D:8      | Found a shimmering altar of Xom.
  8931 | D:8      | Found a shadowy altar of Dithmenos.
  8933 | D:8      | Found a bloodstained altar of Trog.
  8935 | D:8      | Found an ancient bone altar of Kikubaaqudgha.
  9285 | D:9      | Noticed a two-headed ogre
  9290 | D:9      | Killed a two-headed ogre
  9432 | D:9      | Identified the +7 flail of Upheaval {drain, rCorr Dex+2}
  9444 | D:9      | Reached skill level 9 in Conjurations
  9509 | D:9      | Noticed a centaur warrior
  9515 | D:9      | Noticed a seven-headed hydra
  9526 | D:9      | HP: 1/69 [centaur warrior/arrow (6)]
  9528 | D:9      | Shot with an arrow by a centaur warrior

Illustrated notes

Levels and vault maps discovered:
D:1:      dpeg_arrival_rooms_c, layout_loops_corners,
          dreamdust_ecumenical_altar_angels_and_demons, dreamdust_wishing_well,
          minmay_liquid_box, minivault_24
D:2:      minmay_alternating_diamond, layout_rooms, uniq_robin, uniq_jessica,
          uniq_terence
D:3:      layout_loops_corners
D:4:      layout_gridville, gammafunk_ghost_nasty_kobolds,
          minmay_quadrilaterals, uniq_ijyb
D:5:      dreamdust_elfheim, layout_rooms, mainiacjoe_overflow_six_doors_small,
          minmay_temple_entry_antechambers, serial_bayou_lagoon_b
D:6:      layout_loops_cross, grunt_temple_overflow_opulence,
          nicolae_uskayaw_murder_on_the_dancefloor, serial_shops, shop,
          gammafunk_ghost_grave, uniq_pikel, uniq_menkaure
D:7:      layout_rooms, nicolae_sif_muna_little_library, serial_shops,
          nicolae_square_shop, minmay_misc_feat_x
D:8:      layout_loops_ring, minitemple, mainiacjoe_overflow_surrounded_room
D:9:      layout_roguey, minmay_the_grid_2x2 [minmay_the_grid_outer_diamond,
          minmay_the_grid_minigrid_small, minmay_the_grid_square_x,
          minmay_the_grid_prize_four_corners_diamond_b]

Skill      XL: |  1  2  3  4  5  6  7  8  9 10 |
---------------+-------------------------------+-----
Stealth        | 2 3 4 |  4.0
Translocations | 1 2 3 5 6 8 |  8.0
Hexes          | 1 2 3 4 6 7 |  7.5
Spellcasting   | 3 4 5 6 7 |  7.9
Conjurations   | 5 6 8 9 |  9.3
Dodging        | |  1.7

Action                   |  1- 3 |  4- 6 |  7- 9 | 10-12 || total
-------------------------+-------+-------+-------+-------++-------
Melee: Unarmed           |    10 |       |       |       ||    10
       Dagger            |     6 |    20 |    15 |     7 ||    48
       Tailslap          |       |     1 |     2 |       ||     3
 Cast: Magic Dart        |    45 |   154 |   156 |    67 ||   422
       Searing Ray       |     2 |    13 |    19 |     9 ||    43
       Dazzling Flash    |     1 |       |     1 |       ||     2
       Iskenderun's Myst |       |     3 |    25 |    11 ||    39
       Iskenderun's Batt |       |       |       |     7 ||     7
 Abil: Breathe Acid      |       |       |     6 |     3 ||     9
  Use: Scroll            |       |    14 |     5 |     5 ||    24
       Potion            |       |     3 |     3 |     2 ||     8
 Stab: Sleeping          |       |     1 |       |       ||     1
       Invisible         |       |       |     1 |       ||     1
Armor: Skin              |    18 |    34 |    26 |    20 ||    98
Dodge: Dodged            |    38 |    40 |    44 |    36 ||   158
